 Dungeon Crawl Stone Soup version 0.29-a0-82-g837932c90e (webtiles) character file.

Game seed: 4425733221546276382

512 frimble the Chiller (level 6, -2/41 HPs)
             Began as a Demonspawn Ice Elementalist on Feb 5, 2022.
             Slain by a phantom (8 damage)
             ... on level 4 of the Dungeon.
             The game lasted 00:05:39 (5941 turns).

frimble the Chiller (Demonspawn Ice Elementalist)   Turns: 5941, Time: 00:05:39

Health: -2/41      AC:  2    Str:  9    XL:     6   Next: 99%
Magic:  1/10       EV: 12    Int: 20    God:
Gold:   163        SH:  4    Dex: 13    Spells: 4/11 levels left

rFire   . . .      SeeInvis .   i - +4 dagger (drain)
rCold   . . .      Faith    .   (no shield)
rNeg    . . .      Spirit   .   a - +0 robe
rPois   .          Reflect  .   (no helmet)
rElec   .          Harm     .   (no cloak)
rCorr   .          Rampage  .   (no gloves)
Will    .....                   (no boots)
Stlth   ++........              (no amulet)
HPRegen 0.13/turn               (no ring)
MPRegen 0.12/turn               (no ring)

@: freezing walls
A: big brain 1, condensation shield
a: no special abilities


You were on level 4 of the Dungeon.
You visited 1 branch of the dungeon, and saw 4 of its levels.

You collected 163 gold pieces.

Inventory:

Hand Weapons
 i - a +4 dagger of draining (weapon)
Armour
 a - a +0 robe (worn)
Scrolls
 c - 2 scrolls of immolation
 d - a scroll of amnesia {unknown}
 e - 3 scrolls of brand weapon {unknown}
 f - 2 scrolls of enchant weapon {unknown}
 h - a scroll of blinking {unknown}
 j - a scroll of identify {unknown}


   Skills:
 + Level 3.2 Short Blades
 - Level 1.7 Dodging
 - Level 1.7 Stealth
 - Level 3.0 Spellcasting
 + Level 6.4 Ice Magic


You had 4 spell levels left.
You knew the following spells:

 Your Spells              Type           Power      Damage    Failure   Level
a - Freeze                Ice            100%       1d11      1%          1
b - Frozen Ramparts       Ice            56%        1d7       3%          3
c - Ozocubu's Armour      Ice            28%        N/A       3%          3

Your spell library contained the following spells:

 Spells                   Type           Power      Damage    Failure   Level
 Sublimation of Blood     Necr           3%         N/A       22%         2
 Wereblood                Tmut           3%         N/A       22%         2
 Hailstorm                Conj/Ice       15%        3d5       36%         4
 Animate Armour           Summ/Erth      6%         N/A       80%         4
 Blade Hands              Tmut           1%         N/A       98%         5
 Iron Shot                Conj/Erth      1%         9d1       100%        6
 Summon Hydra             Summ           1%         N/A       100%        7


Dungeon Overview and Level Annotations

Branches:
Dungeon (4/15)
 Temple: D:4-7

Altars:
Zin

Shops:
D:4 (


Innate Abilities, Weirdness & Mutations

You have an unusually large brain. (Int +2)
A meltable shield of frost defends you. (SH +4)


Message History

You don't have enough magic to cast this spell.
Casting: Freeze (safe; 1% risk of failure)
Confirm with . or Enter, or press ? or * to list all spells.
You don't have enough magic to cast this spell.
Unknown command.
You hit the phantom.
The phantom is moderately damaged.
The phantom resists.
The wall freezes the phantom.
The phantom hits you.
You hit the phantom.
The phantom is severely damaged.
The phantom completely resists.
The wall freezes the phantom but does no damage.
The phantom closely misses you.
You closely miss the phantom.
The phantom is heavily damaged.
The phantom resists.
The wall freezes the phantom.
You block the phantom's attack.
You hit the phantom but do no damage.
The phantom is severely damaged.
The phantom resists.
The wall freezes the phantom.
The phantom barely misses you.
You hit the phantom.
The phantom is severely damaged.
The phantom completely resists.
The wall freezes the phantom but does no damage.
You block the phantom's attack.
You hit the phantom.
The phantom is severely damaged.
You closely miss the phantom.
The phantom is severely damaged.
The phantom resists.
The wall freezes the phantom.
The phantom hits you!
* * * LOW HITPOINT WARNING * * *
You miss the phantom.
The phantom is severely damaged.
The phantom resists.
The wall freezes the phantom.
You block the phantom's attack.
You closely miss the phantom.
The phantom is severely damaged.
The phantom resists.
The wall freezes the phantom.
The phantom hits you!
You die...

..........+.............#
.########.#.........#....
.........#'#.#....#...#
##########.###.#..#....
..#.......<....#
####.#..#........#.
..#.#.............
..#####.#....#.......##.
.......@#.#.##.......##.
..#.....W.#.............
#.###.........#######. #
#.#.####### #. # #.#.# #.
#.. ..#.# #.
#..#######ยง#############.
#........................
##########.#############.


You could see a phantom.

Vanquished Creatures
  An ice beast (D:4)
  2 black bears (D:4)
  A phantom (D:4)
  A water moccasin skeleton (D:4)
  2 orc wizards (D:3)
  3 adders (D:3)
  3 worms (D:2)
  A dart slug (D:4)
  6 orcs
  5 ball pythons
  2 giant cockroaches
  4 goblins
  3 hobgoblins
  3 quokkas
  4 bats
  4 frilled lizards
  6 kobolds
  3 rats
54 creatures vanquished.

Notes
Turn   | Place    | Note
-------+----------+-------------------------------------------
     0 | D:1      | frimble the Demonspawn Ice Elementalist began the quest for
                  | the Orb.
     0 | D:1      | Reached XP level 1. HP: 13/13 MP: 3/3
   553 | D:1      | Reached skill level 4 in Ice Magic
   559 | D:1      | Gained mutation: You have an unusually large brain. (Int
                  | +2) [demonic ancestry]
   559 | D:1      | Reached XP level 2. HP: 9/19 MP: 0/5
  1093 | D:1      | Found a faded altar of an unknown god.
  2422 | D:2      | Reached XP level 3. HP: 20/24 MP: 6/6
  2483 | D:2      | Learned a level 3 spell: Frozen Ramparts
  3885 | D:3      | Reached XP level 4. HP: 16/30 MP: 3/7
  3887 | D:3      | Reached skill level 5 in Ice Magic
  4294 | D:4      | Learned a level 3 spell: Ozocubu's Armour
  4303 | D:4      | Noticed a black bear
  4314 | D:4      | Killed a black bear
  4315 | D:4      | Reached skill level 1 in Short Blades
  4315 | D:4      | Gained mutation: A meltable shield of frost defends you.
                  | (SH +4) [demonic ancestry]
  4315 | D:4      | Reached XP level 5. HP: 27/35 MP: 5/9
  4413 | D:4      | Noticed a phantom
  4830 | D:4      | Noticed a black bear
  4841 | D:4      | Killed a black bear
  4842 | D:4      | Reached XP level 6. HP: 38/41 MP: 10/10
  4957 | D:4      | Noticed an ice beast
  4972 | D:4      | Killed an ice beast
  4973 | D:4      | Reached skill level 6 in Ice Magic
  5461 | D:4      | Found Araoraf's Weapon Shoppe.
  5941 | D:4      | Slain by a phantom

Illustrated notes

Levels and vault maps discovered:
D:1:      scummos_arrival_simple_crosswalls, layout_basic,
          ebering_ecumenical_altar_box
D:2:      minmay_angry_zag, layout_loops_cross, basic_altar
D:3:      layout_loops_corners, minivault_19
D:4:      layout_basic, serial_shops, kennysheep_mini_moat

Skill      XL: |  1  2  3  4  5  6 |
---------------+-------------------+-----
Ice Magic      | 4 5 6 |  6.4
Short Blades   | 1 2 3 |  3.2
Spellcasting   | 3 |  3.0
Dodging        | |  1.7
Stealth        | |  1.7

Action                   |  1- 3 |  4- 6 || total
-------------------------+-------+-------++-------
Melee: Unarmed           |    71 |       ||    71
       Punch             |     2 |       ||     2
       Dagger            |    21 |   129 ||   150
 Cast: Freeze            |    47 |     2 ||    49
       Frozen Ramparts   |     2 |     3 ||     5
       Ozocubu's Armour  |       |     6 ||     6
  Use: Potion            |       |     4 ||     4
       Scroll            |       |     1 ||     1
 Stab: Sleeping          |     2 |     2 ||     4
Armor: Robe              |    23 |    28 ||    51
Dodge: Dodged            |    92 |    77 ||   169
Block: Other             |       |    15 ||    15

Table legend: (Time is in decaauts)
 A = Elapsed time spent in this place.
 B = Non-inter-level travel time spent in this place.
 C = Inter-level travel time spent in this place.
 D = Time resting spent in this place.
 E = Time spent auto-exploring this place.
 F = Levels seen in this place.
 G = Mean time per level.
                   A        B        C        D        E       F      G
               +--------+--------+--------+--------+--------+-----+--------+
         Total |   5909 |   5794 |    115 |    519 |   4440 |   4 | 1477.2 |
       Dungeon |   5909 |   5794 |    115 |    519 |   4440 |   4 | 1477.2 |
               +--------+--------+--------+--------+--------+-----+--------+

Top non-repeatable levels by time:
     D:1: 1771 daAuts
     D:3: 1418 daAuts
     D:2: 1374 daAuts
     D:4: 1344 daAuts
